Map: Triton LE

Players

Mez - Winner!

  • Race: Terran Terran
  • League: Master
  • Spawn Location: 5:00

Skeptic

  • Race: Protoss Protoss
  • League: Master
  • Spawn Location: 11:00

VOD

Have the link to the VOD?

Description

Time

  • Played on: Aug. 24, 2019, 8:06 p.m.
  • Length: 7:33
Show
View Real Time Build Order
Export as new Build Order

Mez Terran - Winner!

Build Orders:  

Get SALT Encoding   

  12  0:02  SCV  
  14  0:14  SCV  
  14  0:18  Supply Depot  
  14  0:26  SCV  
  15  0:40  SCV  
  15  0:41  Barracks  
  16  0:44  Refinery  
  16  0:52  SCV  
  17  1:04  SCV  
  19  1:18  SCV  
  19  1:25  Supply Depot  
  19  1:29  Marine  
  20  1:42  Bunker  
  20  1:47  Orbital Command  
  20  1:51  Marine  
  21  2:00  Factory  
  21  2:09  Reaper  
  21  2:14  Refinery  
  21  2:15  SCV  
  23  2:27  SCV  
  24  2:39  SCV  
  25  2:49  Factory Tech Lab  
  25  2:53  Starport  
  25  3:02  SCV  
  25  3:04  Supply Depot  
  26  3:08  Barracks Reactor  
  26  3:14  SCV  
  26  3:18  Command Center  
  27  3:31  SCV  
  27  3:32  Medivac  
  30  3:41  Siege Tank  
  33  3:43  SCV  
  34  3:50  Marine x2  
  36  3:55  SCV  
  37  4:04  Supply Depot  
  37  4:06  Medivac  
  39  4:25  Siege Tank, SCV, Marine x2  
  45  4:31  Orbital Command  
  45  4:39  Medivac  
  45  4:43  SCV, Marine x2  
  50  5:14  Marine x2  
  50  5:15  Siege Tank  
  54  5:37  Marine x2  
  54  5:38  Viking  
  54  5:42  Barracks  
  57  5:43  Barracks  
  57  5:51  Cyclone  
  57  5:53  SCV x2  
  62  6:17  SCV  
  62  6:22  SCV  
  62  6:23  Supply Depot  
  62  6:24  Supply Depot, Viking  
  62  6:25  Barracks Tech Lab, Viking  
  64  6:39  SCV  
  66  6:40  Orbital Command  
  65  6:57  Viking x2  
  68  7:10  Marine x3  
Show
View Real Time Build Order
Export as new Build Order

Skeptic Protoss 

Build Orders:  

Get SALT Encoding   

  12  0:01  Probe  
  13  0:13  Probe  
  14  0:18  Pylon  
  14  0:23  Probe  
  15  0:34  Probe  
  15  0:36  Forge  
  16  0:44  Probe  
  17  1:09  Pylon  
  17  1:30  Photon Cannon  
  16  1:44  Pylon  
  16  2:03  Photon Cannon  
  16  2:04  Photon Cannon, Probe  
  16  2:05  Photon Cannon  
  16  2:07  Photon Cannon  
  16  2:12  Probe, Assimilator  
  17  2:16  Assimilator  
  17  2:17  Gateway  
  17  2:21  Probe  
  19  2:30  Probe  
  20  2:38  Probe  
  21  2:49  Probe  
  22  3:01  Probe  
  23  3:05  Cybernetics Core  
  23  3:06  Zealot  
  25  3:13  Probe  
  25  3:14  Photon Cannon  
  25  3:16  Photon Cannon  
  23  3:44  Probe  
  21  3:54  Stargate  
  21  3:56  Probe  
  22  4:06  Adept  
  24  4:11  Probe  
  25  4:22  Pylon  
  25  4:28  Shield Battery  
  25  4:40  Fleet Beacon  
  25  4:45  Oracle  
  28  5:02  Shield Battery  
  28  5:07  Shield Battery  
  20  5:16  Probe  
  20  5:17  Tempest  
  17  5:28  Probe  
  19  5:38  Shield Battery  
Tags
 
Add a new tag
Caveats
  • Supply blocks, unpowered buildings, or Contaminate may cause inaccurate times.
  • Supply counts are checked every 10 seconds.